 Dungeon Crawl Stone Soup version 0.27.0-1-g7a089689b8 (webtiles) character file.

Game seed: 223547755692484737

105 Strat the Skirmisher (level 4, -4/41 HPs)
             Began as a Hill Orc Enchanter on Aug 5, 2021.
             Slain by a gnoll (6 damage)
             ... on level 2 of the Dungeon.
             The game lasted 00:05:23 (3458 turns).

Strat the Skirmisher (Hill Orc Enchanter)           Turns: 3458, Time: 00:05:24

Health: -4/41      AC: 10    Str: 11    XL:     4   Next: 83%
Magic:  6/6        EV:  8    Int: 15    God:
Gold:   42         SH:  0    Dex: 11    Spells: 3/6 levels left

rFire    . . .     SeeInvis .   a - +2 dagger (holy)
rCold    . . .     Faith    .   (no shield)
rNeg     . . .     Spirit   .   e - +3 scale mail
rPois    .         Reflect  .   (no helmet)
rElec    .         Harm     .   c - +0 cloak
rCorr    .         Rampage  .   (no gloves)
Will     .....                  (no boots)
Stlth    +.........             (no amulet)
HPRegen  0.13/turn              (no ring)
MPRegen  0.10/turn              (no ring)

@: no status effects
A: no striking features
a: no special abilities


You were on level 2 of the Dungeon.
You visited 1 branch of the dungeon, and saw 2 of its levels.

You collected 42 gold pieces.

Inventory:

Hand Weapons
 a - a +2 dagger of holy wrath (weapon)
 b - a +0 long sword
 f - a +1 dagger
Missiles
 g - 42 stones (quivered)
Armour
 c - a +0 cloak (worn)
 d - a +0 robe
 e - a +3 scale mail (worn)
Scrolls
 j - a scroll of teleportation {unknown}
 l - a scroll of fear {unknown}
Potions
 h - a potion of mutation {unknown}
 i - a potion of resistance {unknown}
 k - a potion of curing {unknown}
 m - a potion of haste {unknown}


   Skills:
 + Level 4.6 Fighting
 - Level 1.0 Short Blades
 + Level 1.8 Armour
 - Level 1.5 Dodging
 - Level 2.4 Stealth
 - Level 1.5 Spellcasting
 - Level 3.0 Hexes


You had 3 spell levels left.
You knew the following spells:

 Your Spells              Type           Power      Damage    Failure   Level
a - Corona                Hex            11%        N/A       38%         1
b - Ensorcelled Hibernat  Hex/Ice        10%        N/A       75%         2

Your spell library contained the following spells:

 Spells                   Type           Power      Damage    Failure   Level
 Confusing Touch          Hex            10%        N/A       77%         3
 Tukima's Dance           Hex            10%        N/A       77%         3
 Freeze                   Ice            4%         1d3       80%         1
 Dazzling Flash           Conj/Hex       10%        N/A       92%         3


Dungeon Overview and Level Annotations

Branches:
Dungeon (2/15)

Altars:

Shops:
D:1 :


Message History

The gnoll hits you with a +0 spear.
* * * LOW HITPOINT WARNING * * *
You hit the gnoll but do no damage.
The gnoll is severely wounded.
The gnoll hits you but does no damage.
You hit the gnoll but do no damage.
The gnoll is severely wounded.
The gnoll hits you but does no damage.
You closely miss the gnoll.
The gnoll is severely wounded.
The gnoll hits you with a +0 spear.
* * * LOW HITPOINT WARNING * * *
You hit the gnoll but do no damage.
The gnoll is severely wounded.
The gnoll hits you with a +0 spear.
* * * LOW HITPOINT WARNING * * *
You hit the gnoll but do no damage.
The gnoll is severely wounded.
The gnoll completely misses you.
You completely miss the gnoll.
The gnoll is heavily wounded.
The gnoll hits you with a +0 spear.
* * * LOW HITPOINT WARNING * * *
You hit the gnoll.
The gnoll is severely wounded.
The gnoll hits you but does no damage.
You hit the gnoll but do no damage.
The gnoll is severely wounded.
The gnoll hits you but does no damage.
You closely miss the gnoll.
The gnoll is severely wounded.
The gnoll hits you but does no damage.
You hit the gnoll.
The gnoll is almost dead.
The gnoll hits you with a +0 spear!
* * * LOW HITPOINT WARNING * * *
Your scale mail prevents you from hitting the gnoll.
The gnoll is almost dead.
The gnoll hits you with a +0 spear.
You die...

#.#.# #.# #.#.#
##.## #.#.# #...#
....# #...# ..##
#...# ...### ###.#
..... #.# ...# #.#
#.# ...#####.# #@#
.)....##.# #g#
.#g##.##.# #.#
###.#.##.# #.# #
##..##.# #(#
##.##.#######.# #
##......g.....(#
###.......########
.#.##.###.#


You could see a gnoll.

Vanquished Creatures
  2 gnolls (D:2)
  3 adders (D:2)
  A dart slug (D:1)
  3 ball pythons (D:2)
  4 endoplasms
  3 giant cockroaches
  3 goblins
  4 hobgoblins
  10 jackals
  2 quokkas (D:1)
  3 bats
  2 frilled lizards
  7 kobolds
  7 rats
54 creatures vanquished.

Notes
Turn   | Place    | Note
-------+----------+-------------------------------------------
     0 | D:1      | Strat the Hill Orc Enchanter began the quest for the Orb.
     0 | D:1      | Reached XP level 1. HP: 14/14 MP: 3/3
    61 | D:1      | Reached skill level 1 in Fighting
    70 | D:1      | Reached XP level 2. HP: 8/24 MP: 4/4
    76 | D:1      | Reached skill level 2 in Fighting
   599 | D:1      | Found Okha's Book Shop.
   971 | D:1      | Learned a level 2 spell: Ensorcelled Hibernation
   980 | D:1      | Found a faded altar of an unknown god.
   988 | D:1      | Got Plato's Handbook of the Snowflakes
  1007 | D:1      | Reached skill level 3 in Fighting
  1101 | D:1      | Reached XP level 3. HP: 19/31 MP: 5/5
  2120 | D:2      | Reached skill level 4 in Fighting
  2505 | D:2      | Reached XP level 4. HP: 36/40 MP: 6/6
  2557 | D:2      | Reached skill level 1 in Armour
  3457 | D:2      | HP: 2/41 [gnoll (8)]
  3458 | D:2      | Slain by a gnoll

Illustrated notes

Levels and vault maps discovered:
D:1:      minmay_arrival_cross, layout_basic, serial_shops, shop,
          shapermc_ecumenical_altar_rom_forum, corexii_corridor_pit
D:2:      layout_loops_ring, grunt_ministairs_11

Skill      XL: |  1  2  3  4 |
---------------+-------------+-----
Fighting       | 1 3 4 |  4.6
Armour         | 1 |  1.8
Short Blades   | |  1.0
Dodging        | |  1.5
Stealth        | |  2.4
Spellcasting   | |  1.5
Hexes          | |  3.0

Action                   |  1- 3 |  4- 6 || total
-------------------------+-------+-------++-------
Melee: Dagger            |   177 |    81 ||   258
Throw: Stone             |       |     3 ||     3
 Cast: Corona            |     8 |     2 ||    10
       Ensorcelled Hiber |     1 |       ||     1
  Use: Scroll            |       |     1 ||     1
 Stab: Sleeping          |     4 |       ||     4
Armor: Robe              |    30 |       ||    30
       Scale mail        |    16 |    37 ||    53
Dodge: Dodged            |   116 |    21 ||   137
